 Dungeon Crawl Stone Soup version 0.21.0-3-g78d12a8bdd (webtiles) character file.

2219 Argmax the Grappler (level 9, -10/88 HPs)
             Began as a Troll Berserker on Jan 9, 2018.
             Was an Elder of Trog.
             Killed from afar by an electric eel (14 damage)
             ... with a bolt of electricity
             ... on level 8 of the Dungeon.
             The game lasted 00:15:28 (5950 turns).

Argmax the Grappler (Troll Berserker)               Turns: 5950, Time: 00:15:28

Health: -10/88     AC:  6    Str: 27    XL:     9   Next: 13%
Magic:  0/0        EV: 12    Int:  3    God:    Trog [****..]
Gold:   381        SH:  0    Dex: 12    Spells: 8/8 levels left

rFire    . . .     SeeInvis .     - Unarmed
rCold    . . .     Gourm    +   (no shield)
rNeg     + . .     Faith    .   a - +0 animal skin
rPois    +         Spirit   .   (helmet restricted)
rElec    .         Reflect  .   q - +0 cloak "Nupobarysu" {+Inv +Fly MR+ MP-9}
rCorr    .         Harm     .   (gloves unavailable)
MR       +....                  (boots unavailable)
Stlth    +.........             (no amulet)
HPRegen  0.64/turn              s - ring of poison resistance
MPRegen  0.07/turn              k - ring of positive energy

@: no status effects
A: large, unfitting armour, claws 3, fast metabolism 3, gourmand, regeneration
1, shaggy fur 1, tough skin 2
a: Berserk, Trog's Hand, Brothers in Arms, Burn Spellbooks, Renounce Religion,
Evoke Invisibility, Evoke Flight


You were on level 8 of the Dungeon.
You worshipped Trog.
Trog was greatly pleased with you.
You were very full.

You visited 1 branch of the dungeon, and saw 8 of its levels.

You collected 381 gold pieces.

Inventory:

Missiles
 g - 157 stones
 y - 5 javelins of penetration (quivered)
Armour
 a - a +0 animal skin (worn)
 q - the +0 cloak "Nupobarysu" (worn) {+Inv +Fly MR+ MP-9}
   (You found it on level 4 of the Dungeon)

   It affects your resistance to hostile enchantments.
   It affects your magic capacity (-9).
   It lets you turn invisible.
   It lets you fly.
Jewellery
 k - a ring of positive energy (right claw)
 s - a ring of poison resistance (left claw)
 x - an uncursed ring of flight
Wands
 l - a wand of flame (30)
 v - a wand of digging (17)
Scrolls
 d - 4 scrolls of identify
 e - 5 scrolls of remove curse
 o - 4 scrolls of blinking
 u - a scroll of holy word {unknown}
 w - 2 scrolls of fog {unknown}
 z - 3 scrolls of noise {unknown}
Potions
 c - a potion of agility {unknown}
 f - 2 potions of lignification {unknown}
 h - a potion of brilliance {unknown}
 i - 4 potions of heal wounds {unknown}
 j - 2 potions of curing {unknown}
 m - a potion of magic {unknown}
 n - a potion of haste {unknown}
 p - a potion of cancellation {unknown}
 t - 3 potions of might
Comestibles
 b - 20 rations


   Skills:
 + Level 5.1 Fighting
 + Level 4.8 Throwing
 + Level 5.1 Dodging
 * Level 8.3 Unarmed Combat


You had 8 spell levels left.
You didn't know any spells.

Dungeon Overview and Level Annotations

Branches:
Dungeon (8/15)             Temple (0/1) D:6
   Lair: D:8-11

Altars:
Fedhas
Kikubaaqudgha
Wu Jian
The Shining One

Shops:
D:4 [(


Innate Abilities, Weirdness & Mutations

You are too large for most types of armour.
You have claws for hands.
Your metabolism is lightning-fast.
You like to eat raw meat.
Your natural rate of healing is unusually fast.
You are covered in fur. (AC +1)
You have very tough skin. (AC +2)


Message History

The bolt of electricity hits the electric eel.
The electric eel completely resists.
The bolt of electricity hits the plant.
The electric eel shoots out a bolt of lightning at you!
The bolt of electricity misses you. The bolt of electricity hits you!
* * * LOW HITPOINT WARNING * * *
The bolt of electricity hits the electric eel.
The electric eel completely resists.
The bolt of electricity hits the plant.
You miss the electric eel.
The electric eel shoots out a bolt of lightning at you!
The bolt of electricity hits you!
* * * LOW HITPOINT WARNING * * *
The bolt of electricity hits you!
* * * LOW HITPOINT WARNING * * *
The bolt of electricity hits the electric eel.
The electric eel completely resists.
The bolt of electricity hits the plant.
You claw the electric eel!
The electric eel is heavily wounded.
The electric eel shoots out a bolt of lightning at you!
The bolt of electricity misses you. The bolt of electricity hits you!
You die...

.##...♣≈≈≈...≈≈≈≈≈≈#
..+...♣≈≈...≈≈P≈≈≈P♣
..#..♣♣≈P...≈≈≈≈≈≈≈
..#..♣♣♣≈P...≈≈≈≈≈♣♣
.##..♣♣≈≈P...≈≈≈P≈≈♣#
.##..♣♣P≈P....≈≈P≈≈≈#
.#...♣♣≈≈≈....≈≈P≈≈♣
.#....♣♣≈P≈.≈P≈≈;≈♣
.#.....≈♣†≈.≈.P≈@.#
.##...##≈♣P..≈♣...#
.####'##+≈≈...#####
......#..≈♣...#
......#.......#
......#.......#
......#.......#
###############


You could see an electric eel.

Vanquished Creatures
  A hippogriff (D:7)
  Menkaure (D:4)
  A water moccasin (D:7)
  An orc warrior (D:6)
  2 ice beasts
  An eye of draining (D:7)
  A phantom (D:7)
  A centaur (D:7)
  2 bullfrogs (D:6)
  A gnoll sergeant (D:6)
  3 scorpions
  2 electric eels (D:8)
  2 howler monkeys
  A bullfrog zombie (D:7)
  A jelly (D:6)
  2 orc priests (D:4)
  Crazy Yiuf (D:2)
  A bullfrog skeleton (D:7)
  A hound (D:7)
  7 orc wizards
  2 worker ants
  Natasha (twice) (D:2)
  A hound zombie (D:6)
  A worker ant zombie (D:4)
  5 gnolls (D:6)
  A howler monkey skeleton (D:3)
  7 adders
  A shadow imp (D:6)
  2 oozes
  An adder zombie (D:3)
  2 adder skeletons
  A worm (D:2)
  A dart slug (D:3)
  2 leopard geckos
  25 orcs
  3 giant cockroaches
  8 goblins
  11 hobgoblins
  7 jackals
  5 kobolds
  4 quokkas
  3 ball pythons
  8 bats
  2 frilled lizards (D:3)
  A leopard gecko skeleton (D:3)
  A quokka skeleton (D:5)
  24 rats
164 creatures vanquished.

Notes
Turn   | Place    | Note
-------+----------+-------------------------------------------
     0 | D:1      | Argmax the Troll Berserker began the quest for the Orb.
     0 | D:1      | Reached XP level 1. HP: 22/22 MP: 0/0
   135 | D:1      | Reached XP level 2. HP: 28/29 MP: 1/1
   903 | D:2      | Reached XP level 3. HP: 36/36 MP: 2/2
  1014 | D:2      | Reached skill level 1 in Throwing
  1076 | D:2      | Reached ** piety under Trog
  1265 | D:2      | Noticed Natasha
  1283 | D:2      | Killed Natasha
  1283 | D:2      | Reached XP level 4. HP: 18/44 MP: 3/3
  1598 | D:2      | Reached skill level 4 in Unarmed Combat
  1610 | D:2      | Found a runed door.
  1614 | D:2      | Noticed Crazy Yiuf
  1618 | D:2      | Killed Crazy Yiuf
  1676 | D:2      | Noticed Natasha
  1682 | D:2      | Killed Natasha
  1840 | D:2      | Reached XP level 5. HP: 53/53 MP: 4/4
  2072 | D:3      | Found an ornate altar of the Wu Jian Council.
  2465 | D:3      | Reached *** piety under Trog
  2778 | D:4      | Noticed Menkaure
  2788 | D:4      | Killed Menkaure
  2788 | D:4      | Reached skill level 5 in Unarmed Combat
  2788 | D:4      | Reached XP level 6. HP: 15/61 MP: 5/5
  2987 | D:4      | Got a jewelled cloak
  3015 | D:4      | Identified the cursed +0 cloak "Nupobarysu" {+Inv +Fly MR+ MP-9} (You found it on level 4 of the Dungeon)
  3076 | D:4      | Found Losuir's Antique Armour Shop.
  3136 | D:4      | Found Pisheuza's Weapon Shoppe.
  3154 | D:4      | Received a gift from Trog
  3161 | D:4      | Reached XP level 7. HP: 67/67 MP: 0/6
  3487 | D:5      | Entered Level 5 of the Dungeon
  3893 | D:5      | Found a glowing golden altar of the Shining One.
  4165 | D:5      | Found an ancient bone altar of Kikubaaqudgha.
  4238 | D:6      | Reached skill level 6 in Unarmed Combat
  4390 | D:6      | Found a blossoming altar of Fedhas.
  4508 | D:6      | Reached XP level 8. HP: 78/78 MP: 0/7
  4723 | D:6      | Reached **** piety under Trog
  4723 | D:6      | Reached skill level 7 in Unarmed Combat
  4797 | D:6      | Found a staircase to the Ecumenical Temple.
  5409 | D:7      | Noticed a hippogriff
  5416 | D:7      | Killed a hippogriff
  5530 | D:7      | Reached skill level 8 in Unarmed Combat
  5582 | D:7      | Reached skill level 5 in Fighting
  5582 | D:7      | Reached skill level 5 in Dodging
  5582 | D:7      | Reached XP level 9. HP: 77/88 MP: 0/8
  5949 | D:8      | HP: 4/88 [electric eel/bolt of electricity (12)]
  5950 | D:8      | Killed from afar by an electric eel

Skill      XL: |  1  2  3  4  5  6  7  8 |
---------------+-------------------------+-----
Throwing       | 1 2 3 4 |  4.8
Unarmed Combat | 4 5 6 8 |  8.3
Fighting       | 3 4 5 |  5.1
Dodging        | 3 4 5 |  5.1

Action                   |  1- 3 |  4- 6 |  7- 9 || total
-------------------------+-------+-------+-------++-------
Melee: Unarmed           |    86 |   132 |   181 ||   399
       Punch             |       |     1 |     5 ||     6
Throw: Stone             |     1 |     9 |     2 ||    12
       Javelin           |       |       |    20 ||    20
Invok: Trog's Hand       |     1 |     1 |       ||     2
       Berserk           |       |     3 |     1 ||     4
       Burn Spellbooks   |       |       |     1 ||     1
  Use: Scroll            |       |    10 |     2 ||    12
  Eat: Chunk             |    17 |    20 |    27 ||    64
Armor: Animal skin       |    32 |    41 |    34 ||   107
Dodge: Dodged            |    46 |    66 |    93 ||   205
